 Dungeon Crawl Stone Soup version 0.28-a0-479-g5baa6b73be (webtiles) character file.

Game seed: 2686202350803176268

23423 avis the Grappler (level 12, -2/119 HPs)
             Began as a Troll Warper on Sept 13, 2021.
             Was a High Priest of Cheibriados.
             Slain by a death yak (20 damage)
             ... on level 1 of the Lair of Beasts on Sept 18, 2021.
             The game lasted 01:33:42 (12808 turns).

avis the Grappler (Troll Warper)                   Turns: 12808, Time: 01:33:43

Health: -2/119     AC: 11    Str: 36    XL:     12   Next: 71%
Magic:  12/18      EV: 10    Int: 29    God:    Cheibriados [*****.]
Gold:   628        SH:  0    Dex: 23    Spells: 11/21 levels left

rFire   + . .      SeeInvis .     - Unarmed
rCold   . . .      Faith    .   (no shield)
rNeg    . . .      Spirit   .   P - +0 troll leather armour
rPois   .          Reflect  .   (helmet restricted)
rElec   .          Harm     .   k - +0 cloak
rCorr   .          Rampage  .   (gloves unavailable)
Will    .....                   (boots unavailable)
Stlth   ++........              M - amulet of magic regeneration
HPRegen 2.29/turn               r - +4 ring of protection
MPRegen 0.41/turn               J - +4 ring of slaying

@: very slow
A: large, unfitting armour, claws 3, regeneration 1, shaggy fur 1, tough skin 1,
clever 1, fire resistance 1
a: Renounce Religion, Bend Time, Temporal Distortion, Slouch, Step From Time


You were on level 1 of the Lair of Beasts.
You worshipped Cheibriados.
Cheibriados was extremely pleased with you.
You visited 3 branches of the dungeon, and saw 14 of its levels.
You also visited: Sewer.

You collected 682 gold pieces.
You spent 54 gold pieces at shops.

Inventory:

Missiles
 c - 5 boomerangs of dispersal
 m - 13 javelins (quivered)
 t - 4 throwing nets
 O - 10 large rocks
Armour
 k - a +0 cloak (worn)
 P - a +0 troll leather armour (worn)
Jewellery
 r - a +4 ring of protection (left claw)
 J - a +4 ring of slaying (right claw)
 M - an amulet of magic regeneration (around neck)
 V - a ring of protection from cold
Wands
 a - a wand of paralysis (6)
 g - a wand of flame (61)
 u - a wand of charming (3)
 D - a wand of iceblast (29)
 T - a wand of polymorph (6)
 U - a wand of acid (7)
Scrolls
 h - 3 scrolls of holy word
 o - 3 scrolls of summoning {unknown}
 v - a scroll of fog
 A - 6 scrolls of teleportation
 F - 2 scrolls of blinking
 G - 5 scrolls of identify {unknown}
 H - a scroll of enchant armour {unknown}
 S - a scroll of silence {unknown}
Potions
 f - 2 potions of berserk rage {unknown}
 i - a potion of brilliance {unknown}
 j - 2 potions of haste {unknown}
 l - 3 potions of curing
 n - 2 potions of degeneration {unknown}
 p - a potion of resistance {unknown}
 w - a potion of heal wounds
 x - 3 potions of attraction {unknown}
 C - 3 potions of cancellation {unknown}
 L - 6 potions of might
 N - a potion of lignification {unknown}


   Skills:
 - Level 8.0 Fighting
 * Level 9.4 Throwing
 - Level 1.9 Dodging
 - Level 12.0 Unarmed Combat
 - Level 5.0 Spellcasting
 - Level 7.0 Translocations
 - Level 5.0 Invocations


You had 11 spell levels left.
You knew the following spells:

 Your Spells              Type           Power      Damage    Failure   Level
b - Blink                 Tloc           N/A        N/A       1%          2
o - Teleport Other        Tloc           47%        N/A       1%          3
A - Manifold Assault      Tloc           47%        N/A       11%         5

Your spell library contained the following spells:

 Spells                   Type           Power      Damage    Failure   Level
 Gell's Gravitas          Tloc           23%        N/A       1%          3
 Lesser Beckoning         Tloc           47%        N/A       1%          3
 Static Discharge         Conj/Air       7%         N/A       11%         2
 Dispel Undead            Necr           7%         3d8       56%         4
 Sticky Flame             Conj/Fire      7%         2d3       56%         4
 Borgnjor's Revivificati  Necr           3%         N/A       100%        8
 Necromutation            Tmut/Necr      3%         N/A       100%        8
 Death's Door             Necr           3%         N/A       100%        9


Dungeon Overview and Level Annotations

Branches:
Dungeon (11/15)            Temple (1/1) D:4            Lair (2/6) D:11
    Orc (0/2) D:11          Sewer (visited)
  Swamp: Lair:2-4    Shoals: Lair:2-4     Snake: Lair:2-4    Spider: Lair:2-4

Altars:
Ashenzari
Cheibriados
Dithmenos
Elyvilon
Fedhas
Gozag
Hepliaklqana
Kikubaaqudgha
Makhleb
Nemelex Xobeh
Okawaru
Qazlal
Ru
Sif Muna
Trog
Uskayaw
Vehumet
Wu Jian
Xom
Yredelemnul
Zin
The Shining One
Beogh

Shops:
D:6 :   D:7 *   D:10 (

Annotations:
D:8 1 runed translucent door, mdk's ghost, novice OgHu


Innate Abilities, Weirdness & Mutations

You are too large for most types of armour.
You have claws for hands.
Your natural rate of healing is unusually fast.
You are covered in fur. (AC +1)
You have tough skin. (AC +1)
Your mind is acute. (Int +2)
Your flesh is heat resistant. (rF+)


Message History

Casting: Manifold Assault (dangerous; 11% risk of failure)
Confirm with . or Enter, or press ? or * to list all spells.
Space momentarily warps into an impossible shape!
You claw the death yak! You mangle the death yak!!
You eviscerate the death yak!!! The death yak gores you! x2
* * * LOW HITPOINT WARNING * * *
The death yak completely misses you.
The death yak gores you but does no damage.
The death yak gores you!!
* * * LOW HITPOINT WARNING * * *
The death yak closely misses you. x2
You see here a bullfrog corpse.
You mangle the death yak!!
The death yak is severely wounded.
The death yak closely misses you. The death yak barely misses you.
You mangle the death yak!!
You kill the death yak!
Cheibriados thoroughly appreciates the change of pace.
You mangle the death yak!!
The death yak is severely wounded.
You scratch the death yak. You claw the death yak!
You kill the death yak!
Cheibriados thoroughly appreciates the change of pace.
The death yak gores you!!
* * * LOW HITPOINT WARNING * * *
You feel much better.
The death yak gores you but does no damage. x2
You claw the death yak!
The death yak is severely wounded.
The death yak closely misses you. x2
Unknown command.
You scratch the death yak.
The death yak is severely wounded.
The death yak closely misses you. The death yak gores you!!
* * * LOW HITPOINT WARNING * * *
You claw the death yak! x2
You kill the death yak!
Cheibriados thoroughly appreciates the change of pace.
The death yak gores you!!
You die...

.................................
.................................
...>.............................
........................†........
.................................
.................................
.............####...........#####
..........#### ##Y..........# #
######....# #@†#.......###
##...## ####.......# #....#
#.......# ##...## ##.......#
#....P# #........## ##...P##
#.........# #....## ##.........##
##....# #P..........# #....##
##.........)#


You could see a death yak.

Vanquished Creatures
  Josephine (D:10)
  2 boulder beetles
  Harold (D:8)
  A hydra (D:11)
  A two-headed ogre (D:8)
  3 death yaks (Lair:1)
  An ugly thing (D:11)
  A cyclops (D:7)
  An elephant (D:11)
  A black mamba (Lair:1)
  2 cane toads (Lair:1)
  A komodo dragon (Lair:1)
  A tengu conjurer (D:7)
  5 trolls
  A slime creature (D:7)
  7 blink frogs (Lair:1)
  17 yaks
  3 wyverns
  6 wraiths (D:10)
  2 vampires (D:10)
  3 basilisks
  A steam dragon (D:8)
  6 vampire mosquitoes
  Menkaure (D:4)
  2 acid dragons
  2 water moccasins (Lair:1)
  Duvessa (D:4)
  2 sky beasts
  6 orc warriors
  5 ogres
  A necrophage (D:5)
  4 wolves (Lair:1)
  4 centaurs
  2 phantoms (D:3)
  8 kobold brigands
  3 bullfrogs
  6 scorpions
  Dowan (D:4)
  A water moccasin skeleton (D:5)
  A wyvern skeleton (D:7)
  10 killer bees
  13 wights
  A bullfrog zombie (D:7)
  2 howler monkeys
  4 centaur zombies
  7 crimson imps (D:8)
  4 hounds
  A bullfrog skeleton (D:5)
  A centaur skeleton (D:5)
  9 orc priests
  2 gnoll shamans
  2 jellies
  Crazy Yiuf (D:2)
  3 iguanas
  Ijyb (D:4)
  12 orc wizards
  A killer bee zombie (D:6)
  A hound skeleton (D:4)
  Robin (D:2)
  3 howler monkey zombies
  9 adders
  9 gnolls
  4 river rats (Sewer)
  5 white imps
  2 ufetubi
  2 worms
  2 dart slugs
  39 orcs
  7 ball pythons
  11 endoplasms
  3 giant cockroaches (D:1)
  18 goblins
  18 hobgoblins
  25 kobolds
  5 quokkas
  10 bats
  3 frilled lizards
  9 rats
378 creatures vanquished.

Vanquished Creatures (others)
  The ghost of Patoropollo the Conjurer, an amateur GnCj (D:3)
  4 kobolds (D:3)
  2 plants (D:7)
7 creatures vanquished.

Grand Total: 385 creatures vanquished

Notes
Turn   | Place    | Note
-------+----------+-------------------------------------------
     0 | D:1      | avis the Troll Warper began the quest for the Orb.
     0 | D:1      | Reached XP level 1. HP: 19/19 MP: 1/1
    66 | D:1      | Reached XP level 2. HP: 27/27 MP: 2/2
    86 | D:1      | Reached skill level 3 in Unarmed Combat
   203 | D:1      | Reached XP level 3. HP: 30/33 MP: 3/3
   440 | D:1      | Reached skill level 4 in Unarmed Combat
   440 | D:1      | Found a faded altar of an unknown god.
   713 | D:2      | Reached XP level 4. HP: 40/41 MP: 4/4
   742 | D:2      | Noticed Robin
   776 | D:2      | Killed Robin
  1233 | D:2      | Found a runed translucent door.
  1234 | D:2      | Noticed Crazy Yiuf
  1242 | D:2      | Killed Crazy Yiuf
  1243 | D:2      | Reached skill level 5 in Unarmed Combat
  1243 | D:2      | Reached XP level 5. HP: 36/48 MP: 5/5
  1435 | D:2      | Learned a level 2 spell: Blink
  1468 | D:3      | Noticed a phantom
  1476 | D:3      | Killed a phantom
  1502 | D:3      | Reached skill level 6 in Unarmed Combat
  1724 | D:3      | Found a glowing drain.
  1733 | Sewer    | Entered a sewer
  1784 | Sewer    | Reached XP level 6. HP: 55/55 MP: 6/6
  1988 | Sewer    | Reached skill level 7 in Unarmed Combat
  2002 | Sewer    | Learned a level 3 spell: Teleport Other
  2101 | Sewer    | Reached skill level 5 in Translocations
  2101 | Sewer    | Reached XP level 7. HP: 75/75 MP: 6/12
  2103 | Sewer    | Gained mutation: Your mind is acute. (Int +2) [potion of
                  | mutation]
  2103 | Sewer    | Gained mutation: Your flesh is heat resistant. (rF+)
                  | [potion of mutation]
  2257 | D:3      | Reached XP level 8. HP: 77/77 MP: 13/13
  2394 | D:3      | Found a runed translucent gate.
  2394 | D:3      | Found a runed translucent gate.
  2394 | D:3      | Found a runed translucent gate.
  2395 | D:3      | Noticed Patoropollo's ghost (amateur GnCj)
  2418 | D:3      | Killed Patoropollo's ghost
  2431 | D:3      | Reached skill level 8 in Unarmed Combat
  2699 | D:3      | Learned a level 5 spell: Manifold Assault
  2743 | D:4      | Noticed Menkaure
  2754 | D:4      | Killed Menkaure
  2860 | D:4      | Found a staircase to the Ecumenical Temple.
  2867 | Temple   | Entered the Ecumenical Temple
  2961 | Temple   | Became a worshipper of Cheibriados the Contemplative
  3183 | D:4      | Found a hazy altar of Hepliaklqana.
  3247 | D:4      | Identified the +5 ring mail of Eternal Vigilance {Regen+
                  | Str+7 Int-2}
  3672 | D:4      | Noticed Duvessa
  3675 | D:4      | Noticed Dowan
  3691 | D:4      | Killed Duvessa
  3702 | D:4      | Killed Dowan
  3786 | D:4      | Reached * piety under Cheibriados
  3949 | D:4      | Noticed Ijyb
  3959 | D:4      | Killed Ijyb
  4054 | D:4      | Reached skill level 9 in Unarmed Combat
  4054 | D:4      | Reached XP level 9. HP: 89/89 MP: 14/14
  4064 | D:4      | You fall into a shaft and drop 2 floors!
  4104 | D:5      | Entered Level 5 of the Dungeon
  4210 | D:5      | Reached ** piety under Cheibriados
  4658 | D:5      | Reached skill level 10 in Unarmed Combat
  5236 | D:6      | Found Waqova's Book Emporium.
  5656 | D:6      | Reached *** piety under Cheibriados
  5801 | D:6      | Reached skill level 5 in Spellcasting
  5867 | D:6      | Upgraded the game from 0.28-a0-447-g1f95980246 to
                  | 0.28-a0-461-g2dc4ca5097
  5867 | D:6      | Upgraded the game from 0.28-a0-461-g2dc4ca5097 to
                  | 0.28-a0-479-g5baa6b73be
  6448 | D:7      | Found Zuet's Mass Market.
  6451 | D:7      | Bought 6 large rocks for 54 gold pieces
  6584 | D:6      | Reached XP level 10. HP: 79/100 MP: 8/16
  6658 | D:7      | Reached **** piety under Cheibriados
  6682 | D:7      | Noticed a cyclops
  6701 | D:7      | Noticed a boulder beetle
  6713 | D:7      | Killed a cyclops
  6714 | D:7      | Reached skill level 11 in Unarmed Combat
  6743 | D:7      | Killed a boulder beetle
  7205 | D:7      | Found a blossoming altar of Fedhas.
  7470 | D:8      | Noticed mdk's ghost (novice OgHu)
  7470 | D:8      | Found a runed translucent door.
  7841 | D:8      | Noticed a two-headed ogre
  7853 | D:8      | Killed a two-headed ogre
  7854 | D:8      | Reached skill level 12 in Unarmed Combat
  7854 | D:8      | Reached XP level 11. HP: 60/109 MP: 17/17
  7920 | D:8      | Found an iron altar of Okawaru.
  8001 | D:8      | Noticed Harold
  8010 | D:8      | Killed Harold
  8393 | D:8      | Identified the +6 rapier of Execution {spect, *Noise rElec
                  | rPois Str+4}
  8395 | D:8      | Reached skill level 1 in Invocations
  8397 | D:8      | Reached ***** piety under Cheibriados
  9023 | D:9      | Found a stormy altar of Qazlal.
  9522 | D:10     | Entered Level 10 of the Dungeon
 10141 | D:10     | Reached skill level 5 in Invocations
 10141 | D:10     | Reached skill level 1 in Throwing
 10478 | D:10     | Found Hiebien's Weapon Shop.
 10516 | D:10     | Noticed Josephine
 10520 | D:10     | Killed Josephine
 10770 | D:10     | Found a bloodstained altar of Trog.
 10862 | D:10     | Reached skill level 5 in Throwing
 10983 | D:11     | Reached XP level 12. HP: 108/119 MP: 18/18
 11063 | D:11     | Noticed a seven-headed hydra
 11069 | D:11     | Killed a ten-headed hydra
 11121 | D:11     | Found a staircase to the Lair.
 11398 | D:11     | Noticed a boulder beetle
 11406 | D:11     | Killed a boulder beetle
 11515 | D:11     | Found a staircase to the Orcish Mines.
 11594 | Lair:1   | Entered Level 1 of the Lair of Beasts
 11876 | Lair:1   | Reached ****** piety under Cheibriados
 12151 | Lair:1   | Found a shimmering altar of Xom.
 12762 | Lair:2   | Noticed a death yak
 12762 | Lair:2   | Noticed a death yak
 12762 | Lair:2   | Noticed a death yak
 12762 | Lair:2   | Noticed a death yak
 12762 | Lair:2   | Noticed a death yak
 12763 | Lair:2   | Noticed a four-headed hydra
 12802 | Lair:1   | Killed a death yak
 12804 | Lair:1   | Killed a death yak
 12804 | Lair:1   | HP: 4/119 [death yak (23)]
 12808 | Lair:1   | Killed a death yak
 12808 | Lair:1   | Slain by a death yak

Illustrated notes

Levels and vault maps discovered:
D:1:      dpeg_arrival_tiny_c, layout_basic,
          chequers_ecumenical_altar_simple_redux
D:2:      layout_loops_cross, kennysheep_cluttered_room, minmay_tromino_i4,
          uniq_robin, uniq_crazy_yiuf_cottage
D:3:      layout_rooms, portal_sewer_entry_d, gammafunk_ghost_nasty_kobolds,
          nrook_campfire, hex_large, dk_noncrumbling_2
D:4:      kb_forest_paths, layout_layer_cave, mainiacjoe_overflow_chevrons,
          minmay_temple_entry_mini_moons, palyth_stone_intersect, uniq_duvessa,
          uniq_menkaure, uniq_ijyb
D:5:      layout_basic
D:6:      layout_loops_ring, serial_shops, shop
D:7:      nzn_winding_woodlands_three_and_one
          [nzn_winding_woodlands_5x15_garden, nzn_winding_woodlands_5x15_zeroes,
          nzn_winding_woodlands_5x15_sawtooth,
          nzn_winding_woodlands_center_pierced_h], layout_basic,
          lemuel_coloured_pillars_altar, serial_co_window_serial,
          co_window_paths_a, co_window_corner_a, co_window_paths_a,
          co_window_paths_b, co_window_cross_1, co_window_cross_1,
          co_window_of_opportunity_a, co_window_corner_a, co_window_paths_a,
          co_window_corner_b, co_window_broadway_b, co_window_of_opportunity_b,
          co_window_unsneaky_path_e, co_window_corner_b, co_window_corner_cb,
          glass_columns_c, glass_columns_a, minmay_shop_mass
D:8:      layout_loops_cross, mainiacjoe_overflow_24_doors,
          ebering_ghost_reflecting_pool, minmay_nine_imps, uniq_harold
D:9:      layout_gridville, grunt_qazlal_clouds
D:10:     layout_basic, lightli_temple_of_fire, serial_shops, shop,
          uniq_josephine
D:11:     layout_rooms, david_lair_generic, minmay_orc_entry_temple_small,
          kennysheep_generic_room_7
Temple:   minmay_crystal_spiral_temple
Lair:1:   layout_hall_layers, basic_altar, infiniplex_staircase_pool
Lair:2:   layout_loops_ring, minmay_swamp_entry_worms, evilmike_ambush
          [evilmike_ambush_outer_pillars, evilmike_ambush_inner_basic],
          uniq_erica

Skill      XL: |  1  2  3  4  5  6  7  8  9 10 11 12 |
---------------+-------------------------------------+-----
Unarmed Combat | 3 4 5 6 7 9 10 12 | 12.0
Fighting       | 6 7 8 |  8.0
Spellcasting   | 4 5 |  5.0
Translocations | 5 6 7 |  7.0
Invocations    | 5 |  5.0
Throwing       | 5 9 |  9.4
Dodging        | |  1.9

Action                   |  1- 3 |  4- 6 |  7- 9 | 10-12 || total
-------------------------+-------+-------+-------+-------++-------
Melee: Unarmed           |    90 |   165 |   305 |   352 ||   912
       Punch             |     2 |     2 |     8 |    27 ||    39
       Flail             |       |       |       |    30 ||    30
Throw: Javelin           |       |       |     4 |    25 ||    29
       Large rock        |       |       |     1 |    12 ||    13
 Cast: Teleport Other    |       |       |     2 |       ||     2
       Manifold Assault  |       |       |    11 |    75 ||    86
Invok: Slouch            |       |       |       |     2 ||     2
  Use: Scroll            |       |     7 |       |       ||     7
       Potion            |       |     1 |     8 |     2 ||    11
 Stab: Invisible         |       |     1 |       |       ||     1
       Sleeping          |       |       |     1 |     1 ||     2
       Distracted        |       |       |     1 |       ||     1
Armor: Robe              |    27 |    65 |   103 |    17 ||   212
       Troll leather arm |       |       |       |   138 ||   138
Dodge: Dodged            |    33 |    50 |   130 |   170 ||   383

Table legend: (Time is in decaauts)
 A = Elapsed time spent in this place.
 B = Non-inter-level travel time spent in this place.
 C = Inter-level travel time spent in this place.
 D = Time resting spent in this place.
 E = Time spent auto-exploring this place.
 F = Levels seen in this place.
 G = Mean time per level.
                   A        B        C        D        E       F      G
               +--------+--------+--------+--------+--------+-----+--------+
         Total |  18066 |  15352 |   2714 |   1283 |  10177 |  15 | 1204.4 |
       Dungeon |  15843 |  13343 |   2500 |    990 |   9189 |  11 | 1440.3 |
        Temple |    314 |    205 |    109 |      0 |    110 |   1 |  314.0 |
          Lair |   1371 |   1267 |    104 |    242 |    682 |   2 |  685.5 |
         Sewer |    536 |    536 |      0 |     50 |    195 |   1 |  536.0 |
               +--------+--------+--------+--------+--------+-----+--------+

Top non-repeatable levels by time:
     D:7: 2321 daAuts
    D:10: 2222 daAuts
     D:4: 2007 daAuts
     D:8: 1758 daAuts
     D:9: 1470 daAuts
  Lair:1: 1367 daAuts
     D:6: 1357 daAuts
    D:11: 1226 daAuts
     D:5: 1118 daAuts
     D:2: 896 daAuts
     D:3: 862 daAuts
     D:1: 601 daAuts
   Sewer: 536 daAuts
  Temple: 314 daAuts
  Lair:2: 4 daAuts
